 Dungeon Crawl Stone Soup version 0.23-a0-713-ge59bbb1 (webtiles) character file.

64 JeffiDaFish the Grave Robber (level 3, 0/16 HPs)
             Began as a Spriggan Necromancer on Jan 15, 2019.
             Slain by a frilled lizard (2 damage)
             ... on level 2 of the Dungeon.
             The game lasted 00:05:50 (2780 turns).

JeffiDaFish the Grave Robber (Spriggan Necromancer) Turns: 2780, Time: 00:05:50

Health: 0/16       AC:  2    Str:  4    XL:     3   Next: 91%
Magic:  2/9        EV: 19    Int: 17    God:
Gold:   81         SH:  0    Dex: 16    Spells: 2/9 levels left

rFire    . . .     SeeInvis +   d - +0 dagger
rCold    . . .     Gourm    .   (shield restricted)
rNeg     . . .     Faith    .   a - +0 robe
rPois    .         Spirit   .   (helmet restricted)
rElec    .         Reflect  .   (no cloak)
rCorr    .         Harm     .   (gloves unavailable)
MR       .....                  (boots unavailable)
Stlth    ++........             (no amulet)
HPRegen  0.05/turn              (no ring)
MPRegen  0.11/turn              (no ring)

@: very quick
A: very small, unfitting armour, see invisible, herbivore, speed 3, slow
metabolism 2
a: no special abilities


You were on level 2 of the Dungeon.
You were not hungry.

You visited 1 branch of the dungeon, and saw 2 of its levels.

You collected 81 gold pieces.

Inventory:

Hand Weapons
 d - a +0 dagger (weapon)
Armour
 a - a +0 robe (worn)
Potions
 b - 2 potions of curing
Comestibles
 c - 5 rations


   Skills:
 + Level 4.0 Dodging
 - Level 3.0 Stealth
 + Level 3.5 Spellcasting
 * Level 4.4 Necromancy


You had 2 spell levels left.
You knew the following spells:

 Your Spells              Type           Power        Failure   Level  Hunger
a - Pain                  Necr           ###.         2%          1    None
b - Vampiric Draining     Necr           ###.......   9%          3    ###....
c - Regeneration          Chrm/Necr      ##........   21%         3    ###....

Your spell library contained the following spells:

 Spells                   Type           Power        Failure   Level  Hunger
 Animate Skeleton         Necr           N/A          2%          1    None
 Animate Dead             Necr           N/A          26%         4    ####...


Dungeon Overview and Level Annotations

Branches:
Dungeon (2/15)

Altars:


Innate Abilities, Weirdness & Mutations

You are very small and have problems with some larger weapons.
You are too small for most types of armour.
You have supernaturally acute eyesight. (SInv)
You are a herbivore.
You cover ground extremely quickly.
You need to consume almost no food.


Message History

Aiming: Pain (safe; 2% risk of failure)
Press: ? - help, Shift-Dir - straight line, f/p - adder
Aim: an adder (heavily wounded, chance to defeat MR: 82%)
The adder barely resists.
You see here a whip.
The adder closely misses you.
Welcome back, JeffiDaFish the Spriggan Necromancer.
Press ? for a list of commands and other information.
Cast which spell? (? or * to list)
Aiming: Pain (safe; 2% risk of failure)
Press: ? - help, Shift-Dir - straight line, f - adder
Aim: an adder (heavily wounded, chance to defeat MR: 82%)
The adder writhes in agony!
The frilled lizard hisses angrily.
You hit the adder.
You kill the adder!
Your Dodging skill increases to level 4!
You see here a whip.
You closely miss the frilled lizard. The frilled lizard bites you.
You die...

#....l........#
#.#############
#.# #.# #.#
######### #)#
#......)w #.#
#.####### #l# #.#
#@# #.# ##### #.#
#.# #>... #.# #.#
#.### #w########.#
#.#
#......l...###.##
####.......##...##
#.#####)...#)..
#.# #.##...## #.#
#.###.##


You could see a worm and a frilled lizard.

Vanquished Creatures
  2 adders (D:2)
  2 dart slugs (D:1)
  2 leopard geckos
  4 giant cockroaches (D:1)
  5 hobgoblins
  5 kobolds
  2 quokkas (D:2)
  A ball python (D:1)
  4 bats
  3 frilled lizards
  4 goblins
  4 rats
38 creatures vanquished.

Notes
Turn   | Place    | Note
-------+----------+-------------------------------------------
     0 | D:1      | JeffiDaFish the Spriggan Necromancer began the quest for
                  | the Orb.
     0 | D:1      | Reached XP level 1. HP: 9/9 MP: 5/5
   722 | D:1      | Reached XP level 2. HP: 13/13 MP: 4/6
  1654 | D:2      | Reached XP level 3. HP: 7/16 MP: 1/8
  2223 | D:2      | Learned a level 3 spell: Vampiric Draining
  2227 | D:2      | Learned a level 3 spell: Regeneration
  2780 | D:2      | Slain by a frilled lizard

Vault maps used:
D:1:      eino_arrival_cavern_b
D:2:      first_ration, minmay_small_reverse_x

Skill      XL: |  1  2  3 |
---------------+----------+-----
Spellcasting   | 3 |  3.5
Necromancy     | 4 |  4.4
Dodging        | 4 |  4.0
Stealth        | |  3.0

Action                   || total
-------------------------++-------
Melee: Dagger            ||    24
 Cast: Pain              ||    86
       Vampiric Draining ||     1
  Use: Scroll            ||     5
       Potion            ||     4
Armor: Robe              ||     4
Dodge: Dodged            ||    38

Table legend:
 A = Non-vault XP
 B = Vault XP
 C = Vault XP percentage of total XP
 D = Non-vault monster count
 E = Vault monster count
 F = Vault count percentage of total count
                 A         B        C        D         E       F
            +---------+---------+-------+---------+---------+-------
      Total |      77 |      15 |  16.3 |      36 |       2 |   5.3
            +---------+---------+-------+---------+---------+-------
        D:1 |      38 |       0 |   0.0 |      20 |       0 |   0.0
        D:2 |      39 |      15 |  27.8 |      16 |       2 |  11.1
            +---------+---------+-------+---------+---------+-------
